 Dungeon Crawl Stone Soup version 0.31.0-32-g396128a36d (webtiles) character file.

Game seed: 13059345131033177799

2874 Peloso the Carver (level 9, -3/79 HPs)
             Began as a Minotaur Fighter on Apr 6, 2024.
             Was a Follower of Okawaru.
             Slain by an orc warrior
             ... wielding a +0 trident
              (10 damage)
             ... on level 7 of the Dungeon.
             The game lasted 00:15:15 (6961 turns).

Peloso the Carver (Minotaur Fighter)                Turns: 6961, Time: 00:15:16

Health: -3/79      AC: 13    Str: 21    XL:     9   Next: 47%
Magic:  8/8        EV:  9    Int:  5    God:    Okawaru [*.....]
Gold:   687        SH:  5    Dex: 14    Spells: 8/8 levels left

rFire   . . .        a - +0 long sword (flame)
rCold   . . .        d - +0 buckler
rNeg    . . .        c - +1 chain mail
rPois   .            (helmet restricted)
rElec   .            (no cloak)
rCorr   .            (no gloves)
SInv    .            s - +0 pair of boots
Will    .....        (no amulet) Stlth
                     (no ring)
HPRegen 0.33/turn    (no ring)
MPRegen 0.11/turn

%: no passive effects
@: no status effects
A: horns 2, retaliatory headbutt
a: Renounce Religion, Heroism


You were on level 7 of the Dungeon.
You worshipped Okawaru.
Okawaru was aware of your devotion.
You visited 2 branches of the dungeon, and saw 8 of its levels.
You also visited: Ossuary.

You collected 687 gold pieces.

Inventory:

Hand Weapons
 a - a +0 long sword of flaming (weapon)
 b - a +0 dagger of flaming
Armour
 c - a +1 chain mail (worn)
 d - a +0 buckler (worn)
 s - a +0 pair of boots (worn)
Jewellery
 y - a +6 ring of intelligence
Talismans
 g - a blade talisman
Scrolls
 e - a scroll of fog
 f - a scroll of summoning
 k - 4 scrolls of teleportation
 l - a scroll of identify
 r - a scroll of poison
 v - a scroll of blinking {unknown}
 w - a scroll of acquirement
Potions
 h - 4 potions of might
 i - a potion of resistance
 j - a potion of invisibility
 m - a potion of brilliance
 n - 3 potions of mutation
 p - 3 potions of magic
 q - a potion of ambrosia
 x - 3 potions of curing {unknown}
 B - 2 potions of berserk rage {unknown}
 C - 2 potions of enlightenment {unknown}


   Skills:
 + Level 7.2 Fighting
 + Level 10.3 Long Blades
 + Level 8.9 Armour
 + Level 3.1 Dodging
 + Level 0.7 Stealth
 + Level 6.1 Shields


You had 8 spell levels left.
You didn't know any spells.
Your spell library contained the following spells:

 Spells                   Type           Power      Damage    Failure   Level
 Sandblast                Erth           0%         2d4       98%         1
 Blink                    Tloc           0%         N/A       99%         2
 Lesser Beckoning         Tloc           0%         N/A       99%         2
 Momentum Strike          Conj/Tloc      0%         3d8       99%         2
 Gell's Gravitas          Tloc           0%         N/A       100%        3
 Passwall                 Erth           0%         N/A       100%        3
 Sigil of Binding         Hex            0%         N/A       100%        3
 Stone Arrow              Conj/Erth      0%         3d7       100%        3
 Teleport Other           Tloc           0%         N/A       100%        3
 Brom's Barrelling Bould  Conj/Erth      0%         2d3       100%        4
 Dimensional Bullseye     Hex/Tloc       0%         N/A       100%        4
 Olgreb's Toxic Radiance  Alch           0%         N/A       100%        4
 Vhi's Electric Charge    Tloc/Air       0%         N/A       100%        4
 Arcjolt                  Conj/Air       0%         1d10      100%        5
 Ozocubu's Refrigeration  Ice            0%         4d7       100%        7
 Discord                  Hex            0%         N/A       100%        8
 Maxwell's Capacitive Co  Air            0%         ∞         100%        8
 Call Canine Familiar     Summ           Unusable   N/A       N/A         3

Dungeon Overview and Level Annotations

Branches:
Dungeon (7/15)             Temple (1/1) D:5         Ossuary (visited)

Altars:
Cheibriados
Dithmenos
Gozag
Hepliaklqana
Nemelex Xobeh
Okawaru
Qazlal
Ru
Uskayaw
Vehumet
Wu Jian
Xom

Shops:
D:2 *=(   D:3 *   D:4 =   D:5 [

Annotations:
D:5 3 runed translucent doors, Frosty's ghost, amateur OpBr; MineralWater's ghost, novice HOFi; NikiYani's ghost, amateur GrBe; nitefall's ghost, novice MiBe
D:7 1 runed translucent door, Crazy Yiuf


Innate Abilities, Weirdness & Mutations

You have a pair of horns on your head.
You reflexively headbutt those who attack you in melee.


Message History

The liquid fire burns you!
* * * LOW HITPOINT WARNING * * *
You feel much better. The liquid fire burns you!
You block the orc warrior's attack.
Unknown command.
You barely miss the orc warrior. The liquid fire burns you!
The orc warrior hits you with a +0 trident!
* * * LOW HITPOINT WARNING * * *
Unknown command.
You closely miss the orc warrior. You block the orc warrior's attack.
You hit the orc warrior. You burn the orc warrior.
The orc warrior is moderately wounded.
The orc warrior hits you with a +0 trident.
* * * LOW HITPOINT WARNING * * *
You hit the orc warrior. You burn the orc warrior.
You headbutt the orc warrior!
The orc warrior is almost dead.
The orc warrior closely misses you.
You hit the orc warrior but do no damage.
Your headbutt misses the orc warrior.
The orc warrior is almost dead.
The orc warrior hits you with a +0 trident.
* * * LOW HITPOINT WARNING * * *
You barely miss the orc warrior.
The orc warrior is almost dead.
You block the orc warrior's attack.
You hit the orc warrior. You burn the orc warrior.
The orc warrior is almost dead.
You block the orc warrior's attack.
You completely miss the orc warrior. Your headbutt misses the orc warrior.
The orc warrior is almost dead.
The orc warrior hits you with a +0 trident.
* * * LOW HITPOINT WARNING * * *
You barely miss the orc warrior.
You headbutt the orc warrior, but do no damage.
The orc warrior is almost dead.
The orc warrior hits you with a +0 trident!
You die...

.............# ..>.. #........##'
.............# ♣...♣ #........#..
.............#.......#......?.#..
.............#.♣...♣.#........#..
.............# ..... #........#..
.............#.♣...♣.#........###
..########'###...))..####........
..#..........####o### #........
..#...........#.@...# #........
..####..##...##.....#####........
.....#..##########...............
.....'...........#...............
.....#...........#....)..........
.....#...###...#.#............?..
######...#.#...#.####'####'##....
#.###.###.....#....#..<#....
#.#.....#.....#....#...#....


You could see an orc warrior.

Vanquished Creatures
  A troll (D:6)
  Grinder (D:3)
  A steam dragon (D:7)
  A sky beast (D:7)
  2 ice beasts
  A black bear (D:4)
  An ogre (D:7)
  2 centaurs
  3 kobold brigands
  A bullfrog (D:7)
  5 scorpions
  5 bombardier beetles
  2 hounds
  A jelly (D:4)
  6 orc priests
  A gnoll bouda (D:7)
  4 iguanas
  9 orc wizards
  2 hound zombies (Ossuary)
  4 mummies (Ossuary)
  6 gnolls
  8 adders
  A shadow imp (D:6)
  A white imp (D:6)
  3 adder zombies (Ossuary)
  A dart slug (D:2)
  3 ribbon worms
  35 orcs
  5 ball pythons
  6 endoplasms
  2 giant cockroaches
  7 goblins
  9 hobgoblins
  4 jackals (D:1)
  25 kobolds
  5 quokkas
  5 bats
  3 frilled lizards
  A gnoll zombie (Ossuary)
  2 goblin zombies (Ossuary)
  A hobgoblin zombie (Ossuary)
  A jackal zombie (Ossuary)
  A kobold zombie (Ossuary)
  An orc zombie (Ossuary)
  9 rats
  A spectral kobold (D:4)
199 creatures vanquished.

Notes
Turn   | Place    | Note
-------+----------+-------------------------------------------
     0 | D:1      | Peloso the Minotaur Fighter began the quest for the Orb.
     0 | D:1      | Reached XP level 1. HP: 19/19 MP: 0/0
   101 | D:1      | Reached XP level 2. HP: 27/27 MP: 1/1
   214 | D:1      | Reached skill level 3 in Long Blades
   428 | D:1      | Reached XP level 3. HP: 33/33 MP: 2/2
  1183 | D:2      | Reached XP level 4. HP: 41/41 MP: 3/3
  1284 | D:2      | Found Dejathre's General Store.
  1362 | D:2      | Found Mivuvep's Antique Weapon Shop.
  1385 | D:2      | Reached skill level 4 in Long Blades
  1578 | D:2      | Found Weomy's Jewellery Boutique.
  1733 | D:3      | Found Winama Diut's General Store.
  1948 | D:3      | Reached XP level 5. HP: 46/47 MP: 4/4
  2066 | D:3      | Found an ornate altar of the Wu Jian Council.
  2235 | D:3      | Reached skill level 5 in Long Blades
  2368 | D:4      | Found a hazy altar of Hepliaklqana.
  2454 | D:4      | Reached skill level 6 in Long Blades
  2454 | D:4      | Reached XP level 6. HP: 35/55 MP: 5/5
  2563 | D:4      | Noticed Grinder
  2588 | D:3      | Killed Grinder
  2589 | D:3      | Reached skill level 5 in Fighting
  2589 | D:3      | Reached skill level 5 in Armour
  2708 | D:4      | Reached skill level 7 in Long Blades
  2708 | D:4      | Reached skill level 1 in Dodging
  2708 | D:4      | Reached XP level 7. HP: 43/61 MP: 6/6
  2797 | D:4      | Found Joil's Jewellery Shop.
  3030 | D:5      | Entered Level 5 of the Dungeon
  3169 | D:5      | Found Sasky's Antique Armour Boutique.
  3231 | D:4      | Reached skill level 8 in Long Blades
  3520 | D:5      | Reached XP level 8. HP: 69/69 MP: 7/7
  3832 | D:5      | Found a staircase to the Ecumenical Temple.
  3844 | Temple   | Entered the Ecumenical Temple
  3878 | Temple   | Became a worshipper of Warmaster Okawaru
  3931 | D:5      | Found a runed translucent gate.
  3932 | D:5      | Found a runed translucent gate.
  3932 | D:5      | Found a runed translucent gate.
  3933 | D:5      | Noticed MineralWater's ghost (novice HOFi)
  3933 | D:5      | Noticed nitefall's ghost (novice MiBe)
  3934 | D:5      | Noticed NikiYani's ghost (amateur GrBe)
  3934 | D:5      | Noticed Frosty's ghost (amateur OpBr)
  4260 | D:6      | Noticed a troll
  4270 | D:6      | Killed a troll
  4271 | D:6      | Reached skill level 5 in Shields
  4522 | D:6      | Reached skill level 9 in Long Blades
  5365 | D:7      | Reached * piety under Okawaru
  5366 | D:7      | Reached XP level 9. HP: 70/78 MP: 8/8
  5781 | D:7      | Reached skill level 10 in Long Blades
  5833 | D:7      | Found a sand-covered staircase.
  5841 | Ossuary  | Entered an ossuary
  6125 | Ossuary  | Identified a scroll of acquirement
  6588 | D:7      | Found a runed translucent door.
  6589 | D:7      | Noticed Crazy Yiuf
  6961 | D:7      | Slain by an orc warrior

Illustrated notes

Levels and vault maps discovered:
D:1:      dpeg_arrival_boxorama, layout_loops_cross
D:2:      layout_loops_ring, serial_shops, shop_fountains, shop, shop
D:3:      layout_rooms, overflow_temple_1_default, serial_shops, shop,
          serial_park_tiny_1
D:4:      layout_cave_pools, nicolae_hepliaklqana_monster_ancestors,
          serial_shops, shop, uniq_grinder
D:5:      layout_rooms, minmay_temple_entry_glassed_door,
          gammafunk_ghost_cemetery, serial_shops, nicolae_shop_waterfront,
          minmay_increasing_density
D:6:      layout_basic, minivault_24
D:7:      layout_gridville, nicolae_ossuary_entry_plus, grunt_ministairs_3,
          uniq_crazy_yiuf_cottage
Temple:   jpeg_temple_alley_garden

Skill      XL: |  1  2  3  4  5  6  7  8  9 |
---------------+----------------------------+-----
Fighting       | 4 5 6 7 |  7.2
Long Blades    | 3 4 6 7 8 9 10 | 10.3
Shields        | 4 5 6 |  6.1
Armour         | 4 5 6 8 |  8.9
Dodging        | 1 2 3 |  3.1
Stealth        | |  0.7

Action                     |  1- 3 |  4- 6 |  7- 9 || total
---------------------------+-------+-------+-------++-------
  Melee: Long sword        |    69 |   149 |   337 ||   555
         Headbutt          |    11 |    19 |    61 ||    91
 Invoke: Heroism           |       |       |     2 ||     2
    Use: Scroll            |     3 |     4 |    11 ||    18
         Potion            |     1 |       |     2 ||     3
 Armour: Scale mail        |    48 |    25 |       ||    73
         Chain mail        |       |    95 |   246 ||   341
  Dodge: Dodged            |    39 |    58 |   122 ||   219
  Block: Buckler           |    24 |    27 |    70 ||   121
